 Dungeon Crawl Stone Soup version 0.20-a0-941-gba1b1f9 (webtiles) character file.

1248 JeffiDaFish the Shield-Bearer (level 8, -6/48 HPs)
             Began as a Gargoyle Fighter on Apr 1, 2017.
             Mangled by Prince Ribbit (11 damage)
             ... on level 5 of the Dungeon.
             The game lasted 00:09:07 (4798 turns).

JeffiDaFish the Shield-Bearer (Gargoyle Fighter)    Turns: 4798, Time: 00:09:08

Health: -6/48      AC: 20    Str: 19    XL:     8   Next: 50%
Magic:  8/8        EV:  8    Int: 10    God:
Gold:   246        SH: 10    Dex: 11    Spells: 7/7 levels left

rFire    . . .     SeeInvis .   a - +1 flail
rCold    . . .     Gourm    .   c - +0 shield
rNeg     + . .     Faith    .   b - +0 scale mail
rPois    ∞         Spirit   .   (no helmet)
rElec    +         Reflect  .   (no cloak)
rCorr    .         Harm     .   (no gloves)
MR       .....                  e - +1 pair of boots
Stlth    ..........             (no amulet)
Regen    0.2/turn               k - +6 ring of protection
MPRegen  0.2/turn               (no ring)

@: no status effects
A: negative energy resistance 1, electricity resistance, unbreathing,
petrification resistance, rot immunity, AC +5
a: no special abilities


You were on level 5 of the Dungeon.
You were not hungry.

You visited 2 branches of the dungeon, and saw 6 of its levels.

You collected 246 gold pieces.

Inventory:

Hand Weapons
 a - a +1 flail (weapon)
Armour
 b - a +0 scale mail (worn)
 c - a +0 shield (worn)
 e - a +1 pair of boots (worn)
Jewellery
 k - a +6 ring of protection (left hand)
Wands
 p - a wand of disintegration (9/24)
Scrolls
 d - 3 scrolls of teleportation
 g - a scroll of enchant weapon
 o - 4 scrolls of identify
Potions
 l - 2 potions of flight
 m - a potion of cancellation
Comestibles
 f - 2 bread rations
 h - 3 royal jellies
 i - 3 fruits
 j - 3 meat rations


   Skills:
 + Level 4.8 Fighting
 + Level 6.2 Maces & Flails
 + Level 5.6 Armour
 + Level 1.9 Dodging
 + Level 0.2 Stealth
 + Level 6.7 Shields


You had 7 spell levels left.
You didn't know any spells.

Dungeon Overview and Level Annotations

Branches:
Dungeon (5/15)             Temple (1/1) D:4

Altars:
Dithmenos
Elyvilon
Fedhas
Gozag
Hepliaklqana
Kikubaaqudgha
Qazlal
Ru
Sif Muna
Uskayaw
Vehumet
Wu Jian
Yredelemnul
Zin

Annotations:
D:5 Prince Ribbit


Innate Abilities, Weirdness & Mutations

You are resistant to torment.
Your stone body is resilient. (AC +5)
You are immune to poison.
You resist negative energy. (rN+)
You are resistant to electric shocks. (rElec)
You can survive without breathing.
You are immune to petrification.
You are immune to rotting.


Message History

Prince Ribbit is moderately wounded.
Prince Ribbit hits you!
* * * LOW HITPOINT WARNING * * *
Your shield and scale mail prevent you from hitting Prince Ribbit.
Prince Ribbit is moderately wounded.
Prince Ribbit blinks!
Things that are here:
a club; an orc corpse You closely miss Prince Ribbit.
Prince Ribbit is moderately wounded.
You block Prince Ribbit's attack.
Prince Ribbit hits you but does no damage.
You miss Prince Ribbit.
Prince Ribbit is moderately wounded.
You block Prince Ribbit's attack. Prince Ribbit hits you!
* * * LOW HITPOINT WARNING * * *
You completely miss Prince Ribbit.
Prince Ribbit is moderately wounded.
Prince Ribbit hits you!
You die...

#. #..#.#.# #.#
##.##..#.#.# #.#
.........#.# #.#
.......#.#.# #.#########
.........#.#####..........
..(......#................
#.#......############+ #.
#.#..)...# #.. .##
#...##.#.F@.).# #.. .<$.
..............# #..
#...########......(# #..
+..................# ##.
#...########.......# #.
#.. #.#.###.# #. #. #.#.#
.# ##### #. # #.#.# .#
#...# #> #.#.# #...# #.


You could see Prince Ribbit.

Vanquished Creatures
  Grinder (D:4)
  Eustachio (D:4)
  The ghost of agentgt the Slasher, an amateur BaCK of Xom (D:3)
  An ice beast (D:5)
  An ogre (D:5)
  A centaur (D:5)
  A big kobold (D:5)
  A centaur skeleton (D:5)
  An orc priest (D:5)
  A hound (D:5)
  4 orc wizards
  Ijyb (D:5)
  A worker ant (D:5)
  A hound skeleton (D:4)
  3 gnolls (D:4)
  6 adders
  A shadow imp (D:5)
  An ooze (D:5)
  2 adder zombies
  3 worms
  2 dart slugs
  3 leopard geckos
  14 orcs
  7 giant cockroaches
  6 goblins
  7 hobgoblins
  7 jackals
  6 quokkas
  4 ball pythons
  6 bats
  7 frilled lizards
  8 kobolds
  A leopard gecko skeleton (D:4)
  2 quokka skeletons
  10 rats
123 creatures vanquished.

Notes
Turn   | Place    | Note
-------+----------+-------------------------------------------
     0 | D:1      | JeffiDaFish the Gargoyle Fighter began the quest for the Orb.
     0 | D:1      | Reached XP level 1. HP: 14/14 MP: 1/1
   224 | D:1      | Reached XP level 2. HP: 19/19 MP: 2/2
   843 | D:2      | Reached XP level 3. HP: 23/23 MP: 3/3
  1130 | D:2      | Reached XP level 4. HP: 12/28 MP: 4/4
  1957 | D:3      | Found a shadowy altar of Dithmenos.
  2049 | D:3      | Reached XP level 5. HP: 32/32 MP: 5/5
  2080 | D:3      | Noticed agentgt's ghost (amateur BaCK)
  2125 | D:3      | Killed agentgt's ghost
  2125 | D:3      | Reached skill level 1 in Dodging
  2125 | D:3      | Reached XP level 6. HP: 38/38 MP: 6/6
  2695 | D:4      | Noticed Grinder
  2709 | D:4      | Paralysed by Grinder for 3 turns
  2723 | D:4      | Killed Grinder
  2723 | D:4      | Reached XP level 7. HP: 13/44 MP: 7/7
  2942 | D:4      | Noticed Eustachio
  2958 | D:4      | Found a staircase to the Ecumenical Temple.
  2991 | D:4      | Killed Eustachio
  2991 | D:4      | Reached skill level 5 in Maces & Flails
  2991 | D:4      | Reached skill level 5 in Armour
  2991 | D:4      | Reached skill level 5 in Shields
  3094 | Temple   | Entered the Ecumenical Temple
  3291 | D:4      | Found a glowing drain.
  3547 | D:5      | Entered Level 5 of the Dungeon
  3559 | D:5      | Noticed Prince Ribbit
  3956 | D:5      | Reached XP level 8. HP: 48/48 MP: 8/8
  4468 | D:5      | Noticed Ijyb
  4486 | D:5      | Killed Ijyb
  4798 | D:5      | Mangled by Prince Ribbit

Vault maps used:
D:1:      dpeg_arrival_renting
D:2:      lemuel_upstairs_altar
D:3:      nicolae_dithmenos_shadow_blocks
D:4:      minmay_temple_entry_grid, portal_sewer_entry_a, uniq_grinder,
          uniq_eustachio
D:5:      first_bread, uniq_prince_ribbit1, uniq_iyjb
Temple:   cyrus_circular_temple

Skill      XL: |  1  2  3  4  5  6  7  8 |
---------------+-------------------------+-----
Armour         | 4 5 |  5.6
Maces & Flails | 3 4 5 6 |  6.2
Shields        | 4 5 6 |  6.7
Dodging        | 1 |  1.9
Fighting       | 4 |  4.8
Stealth        | |  0.2

Action                   |  1- 3 |  4- 6 |  7- 9 || total
-------------------------+-------+-------+-------++-------
Melee: Flail             |   178 |   213 |   266 ||   657
  Use: Scroll            |     3 |     4 |       ||     7
       Potion            |     4 |     2 |     7 ||    13
  Eat: Chunk             |     1 |     6 |     7 ||    14
Armor: Scale mail        |   101 |   204 |   182 ||   487
Dodge: Dodged            |    62 |    84 |   115 ||   261
Block: Shield            |    92 |   135 |   160 ||   387
